 Dungeon Crawl Stone Soup version 0.23.2-33-g5129a83184 (webtiles) character file.

Game seed: 12555519775639504008

44677 Varekei the Basher (level 14, -4/92 HPs)
             Began as a Gargoyle Fighter on Aug 2, 2019.
             Was a High Priest of Makhleb.
             Slain by a dire elephant (23 damage)
             ... on level 6 of the Lair of Beasts on Aug 9, 2019.
             The game lasted 05:27:03 (14525 turns).

Varekei the Basher (Gargoyle Fighter)              Turns: 14525, Time: 05:27:04

Health: -4/92      AC: 34    Str: 24    XL:     14   Next: 29%
Magic:  21/21      EV:  7    Int: 14    God:    Makhleb [*****.]
Gold:   921        SH:  0    Dex:  9    Spells: 13/13 levels left

rFire    + . .     SeeInvis .   p - +7 flail (holy)
rCold    . . .     Gourm    .   c - +0 shield
rNeg     + + .     Faith    .   l - +4 chain mail {rN+}
rPois    ∞         Spirit   .   E - +2 helmet
rElec    +         Reflect  .   t - +0 cloak
rCorr    .         Harm     .   I - +2 pair of gloves "Ydghityik" {Int+4}
MR       +....                  (no boots)
Stlth    ..........             C - amulet of regeneration
HPRegen  0.65/turn              e - +5 ring of slaying
MPRegen  0.17/turn              R - ring of protection from fire

@: confused
A: big wings, negative energy resistance 1, electricity resistance, unbreathing,
petrification resistance, rot immunity, AC +10
a: Fly, Minor Destruction, Lesser Servant of Makhleb, Major Destruction, Greater
Servant of Makhleb, Renounce Religion


You were on level 6 of the Lair of Beasts.
You worshipped Makhleb.
Makhleb was extremely pleased with you.
You were not hungry.

You visited 3 branches of the dungeon, and saw 16 of its levels.
You also visited: Gauntlet.

You collected 1127 gold pieces.
You spent 206 gold pieces at shops.

Inventory:

Hand Weapons
 i - a +3 shortbow
 p - a +7 flail of holy wrath (weapon)
Missiles
 h - 472 stones (quivered)
 n - 5 tomahawks of returning
 q - 248 arrows
Armour
 c - a +0 shield (worn)
 l - a +4 chain mail of positive energy (worn)
 t - a +0 cloak (worn)
 u - a +4 ring mail of cold resistance
 E - a +2 helmet (worn)
 I - the +2 pair of gloves "Ydghityik" (worn) {Int+4}
   (You acquired it on level 2 of the Lair of Beasts)

   It affects your intelligence (+4).
Jewellery
 b - a +4 ring of evasion {unknown}
 e - a +5 ring of slaying (left hand)
 j - an uncursed amulet of the acrobat
 o - an uncursed ring of see invisible
 C - an amulet of regeneration (around neck)
 K - the macabre finger necklace {rN+}
   (You found it on level 2 of the Lair of Beasts)

   [amulet of nothing]

   It protects you from negative energy.
 R - a ring of protection from fire (right hand)
 Y - an uncursed ring of resist corrosion
Wands
 v - a wand of disintegration (26)
 y - a wand of enslavement (16)
 H - a wand of polymorph (15)
 N - a wand of paralysis (11)
 P - a wand of flame (34)
 V - a wand of clouds (6)
Scrolls
 a - 4 scrolls of amnesia
 g - 5 scrolls of teleportation
 k - 3 scrolls of enchant weapon
 m - 4 scrolls of magic mapping
 s - 16 scrolls of remove curse
 w - 4 scrolls of fear
 L - a scroll of enchant armour
 M - 2 scrolls of immolation
 U - 9 scrolls of identify
Potions
 d - 5 potions of might
 r - 13 potions of curing
 x - a potion of lignification
 z - a potion of ambrosia
 A - 2 potions of flight
 B - 2 potions of heal wounds
 F - 2 potions of invisibility
 G - 2 potions of resistance {unknown}
 J - 3 potions of mutation {unknown}
 O - 2 potions of cancellation {unknown}
 T - 2 potions of haste
 Z - 6 potions of agility
Miscellaneous
 X - a fan of gales (inert)
Comestibles
 f - 11 rations


   Skills:
 + Level 12.6 Fighting
 - Level 14.0 Maces & Flails
 - Level 3.5 Bows
 - Level 0.3 Throwing
 * Level 10.7 Armour
 - Level 0.2 Stealth
 - Level 11.0 Shields
 - Level 10.0 Invocations
 - Level 0.1 Evocations


You had 13 spell levels left.
You didn't know any spells.
Your spell library contained the following spells:

 Spells                   Type           Power        Failure   Level  Hunger
 Animate Skeleton         Necr           N/A          94%         1    ##.....
 Pain                     Necr           #...         94%         1    ##.....
 Summon Small Mammal      Summ           #...         94%         1    ##.....
 Call Imp                 Summ           #.......     98%         2    ###....
 Call Canine Familiar     Summ           #.......     100%        3    ####...
 Regeneration             Chrm/Necr      #.........   100%        3    ####...
 Summon Guardian Golem    Hex/Summ       #.......     100%        3    ####...
 Vampiric Draining        Necr           #.........   100%        3    ####...
 Animate Dead             Necr           N/A          100%        4    #####..
 Summon Ice Beast         Ice/Summ       #.......     100%        4    #####..
 Summon Lightning Spire   Summ/Air       #.......     100%        4    #####..


Dungeon Overview and Level Annotations

Branches:
Dungeon (11/15)            Temple (1/1) D:4            Lair (6/6) D:11
  Swamp (0/4) Lair:2        Snake (0/4) Lair:3        Slime (0/5) Lair:5
    Orc: D:9-12

Altars:
Ashenzari
Fedhas
Gozag
Kikubaaqudgha
Makhleb
Nemelex Xobeh
Okawaru
Qazlal
Ru
Sif Muna
Trog
Uskayaw
Vehumet
Wu Jian
Xom
Yredelemnul

Shops:
D:5 ?*!!(   D:10 :=   D:11 *

Annotations:
D:3 2 transporters, FlyingSalmon's ghost, amateur GrFi
D:11 2 transporters
Lair:2 exclusion: 3 oklob plants


Innate Abilities, Weirdness & Mutations

You are resistant to torment.
Your stone body is resilient. (AC +10)
You are immune to poison.
Your large and strong wings let you fly indefinitely.
You resist negative energy. (rN+)
You are resistant to electric shocks. (rElec)
You can survive without breathing.
You are immune to petrification.
You are immune to rotting.


Message History

It doesn't seem very happy.
The dire elephant closely misses you. You block the dire elephant's attack.
The dire elephant tramples you!!
* * * LOW HITPOINT WARNING * * *
You hold your ground!
The dire elephant trunk-slaps you.
* * * LOW HITPOINT WARNING * * *
Unknown command.
You are confused.
You feel invigorated.
The dire elephant tramples you but does no damage.
The dire elephant trunk-slaps you but does no damage.
The dire elephant tramples you but does no damage.
The dire elephant trunk-slaps you.
* * * LOW HITPOINT WARNING * * *
You're too confused!
A fierce wind blows from the fan.
The balrug is blown away by the wind.
The dire elephant tramples you but does no damage.
The dire elephant trunk-slaps you but does no damage.
The dire elephant tramples you!!
You die...

#..≈≈≈##.#.......P...
#≈≈≈≈≈≈#.#.......#PP.
#≈≈≈≈≈.#.#.......###.
##≈≈≈.##.#.......P###
##''####.#.......P##.
#.2..##8.#.......P..#
#....#8..'...........
#..YY#.⌠.'...........
#%?[@#8..'...........
##$"###8.#...........
#### ##P#...........
#.#.........##
#.#.........##
#.##.......P.#
#.#...........
..#........P..
.##...........


You could see 2 dire elephants and a balrug.

Vanquished Creatures
  A minotaur (Gauntlet)
  An anaconda (Lair:6)
  6 hydras
  2 two-headed ogres
  Urug (Lair:5)
  A worldbinder (Gauntlet)
  A manticore (Lair:5)
  A cyclops (D:11)
  2 ugly things (D:11)
  A centaur zombie (D:11)
  14 elephants
  4 black mambas
  A gargoyle (D:11)
  A torpor snail (Lair:4)
  Psyche (D:10)
  7 spiny frogs
  6 rime drakes (Lair:5)
  2 ice devils (Lair:4)
  4 komodo dragons
  5 polar bears
  A troll (D:11)
  Prince Ribbit (D:6)
  Grinder (D:5)
  13 blink frogs
  2 dream sheep (Lair:4)
  12 hippogriffs
  2 redbacks (Gauntlet)
  A centaur simulacrum (Gauntlet)
  Sigmund (D:5)
  26 yaks
  A spriggan (Lair:1)
  9 basilisks
  5 wyverns
  A steam dragon (Lair:2)
  2 wargs (D:11)
  Edmund (D:4)
  A swamp worm (Lair:2)
  A hell hound (Lair:5)
  16 water moccasins
  5 porcupines
  A hornet zombie (D:11)
  2 phantoms
  3 orc warriors
  A necrophage (D:6)
  2 ice beasts
  5 ogres
  5 sky beasts
  A black bear (Lair:3)
  12 wolves
  A boggart (Gauntlet)
  6 centaurs
  9 crocodiles
  12 bullfrogs
  A wyvern skeleton (D:11)
  A hornet simulacrum (Gauntlet)
  3 scorpions
  5 killer bees
  2 electric eels (Lair:4)
  7 crimson imps
  A wyvern simulacrum (Gauntlet)
  A centaur skeleton (D:10)
  3 jellies
  6 orc priests
  Crazy Yiuf (D:2)
  6 hounds
  2 bullfrog skeletons
  2 iguanas
  Ijyb (D:4)
  4 worker ants
  Natasha (thrice) (D:2)
  A bullfrog simulacrum (Gauntlet)
  3 hound zombies
  Robin (D:4)
  7 gnolls
  11 adders
  3 shadow imps
  An adder skeleton (D:7)
  2 worms
  A dart slug (D:2)
  6 leopard geckos
  12 orcs
  4 giant cockroaches
  8 hobgoblins
  14 jackals
  9 quokkas
  A ball python (D:2)
  4 bats
  4 frilled lizards
  11 goblins
  2 jackal zombies
  9 kobolds
  3 rats
  2 fungi
  3 plants (Lair:6)
395 creatures vanquished.

Vanquished Creatures (collateral kills)
  An elephant (Lair:2)
  A spiny frog (Lair:2)
  2 polar bears (Lair:3)
  A tyrant leech (Lair:2)
  2 hippogriffs
  A redback (Gauntlet)
  A basilisk (Lair:2)
  A porcupine (Lair:2)
  A black bear (Lair:3)
  2 boggarts (Gauntlet)
  A crocodile (Lair:3)
  A bullfrog (D:10)
  A worker ant (D:10)
  A shadow imp (D:11)
17 creatures vanquished.

Vanquished Creatures (others)
  20 fungi
  9 plants
29 creatures vanquished.

Grand Total: 441 creatures vanquished

Notes
Turn   | Place    | Note
-------+----------+-------------------------------------------
     0 | D:1      | Varekei the Gargoyle Fighter began the quest for the Orb.
     0 | D:1      | Reached XP level 1. HP: 14/14 MP: 1/1
   311 | D:1      | Reached XP level 2. HP: 17/19 MP: 2/2
   642 | D:2      | Reached XP level 3. HP: 24/24 MP: 3/3
   846 | D:2      | Noticed Natasha
   848 | D:2      | Killed Natasha
   848 | D:2      | Reached skill level 3 in Maces & Flails
   848 | D:2      | Reached XP level 4. HP: 29/29 MP: 4/4
  1159 | D:2      | Found a runed translucent door.
  1160 | D:2      | Noticed Crazy Yiuf
  1169 | D:2      | Killed Crazy Yiuf
  1367 | D:2      | Noticed Natasha
  1403 | D:2      | Killed Natasha
  1403 | D:2      | Reached skill level 4 in Maces & Flails
  1403 | D:2      | Reached XP level 5. HP: 29/34 MP: 5/5
  1413 | D:2      | Noticed Natasha
  1429 | D:2      | Killed Natasha
  1763 | D:3      | Found a transporter.
  1769 | D:3      | Noticed FlyingSalmon's ghost (amateur GrFi)
  1769 | D:3      | Noticed an ogre
  1770 | D:3      | Found a transporter.
  1854 | D:3      | Noticed an ogre
  2467 | D:4      | Noticed Ijyb
  2478 | D:4      | Killed Ijyb
  2575 | D:4      | Found a staircase to the Ecumenical Temple.
  2586 | Temple   | Entered the Ecumenical Temple
  2793 | Temple   | Became a worshipper of Makhleb the Destroyer
  2860 | D:4      | Reached XP level 6. HP: 40/40 MP: 6/6
  2879 | D:4      | Noticed a phantom
  2906 | D:4      | Killed a phantom
  2906 | D:4      | Reached skill level 5 in Fighting
  2906 | D:4      | Reached skill level 5 in Maces & Flails
  3056 | D:4      | Noticed Robin
  3082 | D:4      | Killed Robin
  3192 | D:4      | Reached * piety under Makhleb
  3192 | D:4      | Reached XP level 7. HP: 38/44 MP: 7/7
  3195 | D:4      | Reached skill level 6 in Maces & Flails
  3290 | D:4      | Noticed Edmund
  3313 | D:4      | Killed Edmund
  3725 | D:5      | Entered Level 5 of the Dungeon
  3832 | D:5      | Found Orosebet's Weapon Shop.
  4150 | D:5      | Reached skill level 7 in Maces & Flails
  4150 | D:5      | Reached XP level 8. HP: 52/52 MP: 8/8
  4187 | D:5      | Reached skill level 1 in Invocations
  4215 | D:5      | Found Reutsa's Distillery.
  4224 | D:5      | Bought 2 potions of curing for 66 gold pieces
  4224 | D:5      | Bought a potion of heal wounds for 55 gold pieces
  4345 | D:5      | Found Emoxox's Distillery.
  4383 | D:5      | Bought a potion of degeneration for 14 gold pieces
  4398 | D:5      | Noticed Grinder
  4406 | D:5      | Killed Grinder
  4409 | D:5      | Reached skill level 5 in Armour
  4418 | D:5      | Noticed Sigmund
  4428 | D:5      | Killed Sigmund
  4428 | D:5      | Reached XP level 9. HP: 60/60 MP: 10/12
  4429 | D:5      | Found Finta's Magic Scroll Emporium.
  4438 | D:5      | Bought a scroll of remove curse for 33 gold pieces
  4438 | D:5      | Bought a scroll of magic mapping for 38 gold pieces
  4455 | D:5      | Found Dudeczif's General Store.
  4738 | D:6      | Reached ** piety under Makhleb
  4884 | D:6      | Reached skill level 5 in Invocations
  5269 | D:6      | Noticed Prince Ribbit
  5277 | D:6      | Killed Prince Ribbit
  5463 | D:6      | Found a shimmering altar of Xom.
  5815 | D:7      | Reached skill level 10 in Fighting
  5815 | D:7      | Reached XP level 10. HP: 68/68 MP: 14/14
  5879 | D:7      | Reached *** piety under Makhleb
  6285 | D:7      | You fall through a shaft for 3 floors!
  6285 | D:10     | Entered Level 10 of the Dungeon
  6339 | D:10     | Found Qettad's Book Emporium.
  6449 | D:10     | Noticed Psyche
  6451 | D:10     | Reached skill level 5 in Shields
  6457 | D:10     | Killed Psyche
  6732 | D:10     | Found Pavair's Jewellery Emporium.
  7160 | D:10     | Got an ancient leather armour
  7203 | D:11     | Noticed a gargoyle
  7203 | D:11     | Noticed a two-headed ogre
  7203 | D:11     | Noticed a white ugly thing
  7241 | D:11     | Noticed a two-headed ogre
  7241 | D:11     | Noticed a cyclops
  7287 | D:10     | Killed a two-headed ogre
  7455 | D:11     | Noticed a cyclops
  7456 | D:11     | Found a transporter.
  7456 | D:11     | Noticed an unseen horror
  7458 | D:11     | Noticed a storm dragon
  7458 | D:11     | Noticed a yaktaur captain
  7470 | D:11     | Found a staircase to the Lair.
  7542 | D:11     | Reached XP level 11. HP: 72/72 MP: 16/16
  7544 | D:11     | Found a transporter.
  7583 | D:11     | Noticed a purple ugly thing
  7618 | D:11     | Killed a purple ugly thing
  7618 | D:11     | Reached **** piety under Makhleb
  7675 | D:11     | Found Zetz's Assorted Antiques.
  7798 | D:11     | Killed a two-headed ogre
  7813 | D:11     | Killed a white ugly thing
  7991 | D:11     | Killed a cyclops
  7991 | D:11     | Reached skill level 10 in Armour
  8128 | Lair:1   | Entered Level 1 of the Lair of Beasts
  8233 | Lair:1   | Found a gate leading to a gauntlet.
  8242 | Gauntlet | Entered a Gauntlet
  8242 | Gauntlet | Found a transporter.
  8242 | Gauntlet | Found a transporter.
  8242 | Gauntlet | Found a transporter.
  8242 | Gauntlet | Found the +10 dark maul {crush}
  8242 | Gauntlet | Noticed a wizard
  8245 | Gauntlet | Found a transporter.
  8247 | Gauntlet | Found a transporter.
  8267 | Gauntlet | Noticed a worldbinder
  8269 | Gauntlet | Found a transporter.
  8317 | Gauntlet | Reached skill level 8 in Maces & Flails
  8374 | Gauntlet | Noticed a manticore
  8374 | Gauntlet | Noticed a manticore
  8375 | Gauntlet | Killed a worldbinder
  8376 | Gauntlet | Found a transporter.
  8403 | Gauntlet | Noticed a moth of wrath
  8403 | Gauntlet | Found a transporter.
  8423 | Gauntlet | Found a transporter.
  8494 | Gauntlet | Identified the cursed +1 trident of Cesoq {drain, rF+}
  8494 | Gauntlet | Noticed a minotaur
  8514 | Gauntlet | Killed a minotaur
  8610 | Lair:1   | Reached XP level 12. HP: 80/80 MP: 18/18
  8668 | Lair:1   | Reached skill level 9 in Maces & Flails
  9679 | Lair:2   | Reached skill level 10 in Invocations
  9687 | Lair:2   | Reached skill level 10 in Maces & Flails
  9781 | Lair:2   | Identified a scroll of acquirement
  9782 | Lair:2   | Got a pair of polished gloves
  9788 | Lair:2   | Identified the +2 pair of gloves "Ydghityik" {Int+4} (You
                  | acquired it on level 2 of the Lair of Beasts)
  9890 | Lair:2   | Noticed a seven-headed hydra
  9898 | Lair:2   | Killed a seven-headed hydra
  9997 | Lair:2   | Noticed a four-headed hydra
 10004 | Lair:2   | Killed a four-headed hydra
 10013 | Lair:2   | Found the macabre finger necklace {rN+}
 10117 | Lair:2   | Reached skill level 11 in Maces & Flails
 10188 | Lair:2   | Reached skill level 1 in Bows
 10470 | Lair:2   | Found a staircase to the Swamp.
 10809 | Lair:4   | Reached XP level 13. HP: 63/86 MP: 20/20
 10823 | Lair:3   | Reached skill level 12 in Maces & Flails
 10847 | Lair:3   | Found a staircase to the Snake Pit.
 11439 | Lair:4   | Reached ***** piety under Makhleb
 11441 | Lair:4   | You fall through a shaft for 2 floors!
 11441 | Lair:6   | Entered Level 6 of the Lair of Beasts
 11786 | Lair:6   | Reached skill level 13 in Maces & Flails
 12852 | Lair:5   | Reached skill level 10 in Shields
 12911 | Lair:5   | Noticed Urug
 12924 | Lair:5   | Killed Urug
 12927 | Lair:5   | Reached skill level 14 in Maces & Flails
 13189 | Lair:4   | Gained mutation: Your large and strong wings let you fly
                  | indefinitely. [Gargoyle growth]
 13189 | Lair:4   | Reached XP level 14. HP: 91/92 MP: 21/21
 14246 | Lair:5   | Found a staircase to the Slime Pits.
 14498 | Lair:6   | Noticed a dire elephant
 14498 | Lair:6   | Noticed a dire elephant
 14501 | Lair:6   | Noticed a dire elephant
 14523 | Lair:6   | Noticed a balrug
 14525 | Lair:6   | Slain by a dire elephant

Skill      XL: |  1  2  3  4  5  6  7  8  9 10 11 12 13 14 |
---------------+-------------------------------------------+-----
Fighting       | 4 5 6 8 10 11 12 | 12.6
Maces & Flails | 3 4 5 7 8 11 14 | 14.0
Invocations    | 4 6 7 9 10 | 10.0
Armour         | 5 7 9 10 | 10.7
Shields        | 7 8 10 11 | 11.0
Bows           | 2 3 |  3.5
Throwing       | |  0.3
Stealth        | |  0.2
Evocations     | |  0.1

Action                   |  1- 3 |  4- 6 |  7- 9 | 10-12 | 13-15 || total
-------------------------+-------+-------+-------+-------+-------++-------
Melee: Flail             |   107 |    56 |   187 |   534 |   505 ||  1389
       Mace              |       |    83 |    26 |       |       ||   109
Throw: Stone             |       |     3 |    33 |    59 |    61 ||   156
       Tomahawk          |       |       |       |    18 |       ||    18
Invok: Lesser Servant of |       |       |       |    11 |     2 ||    13
       Minor Destruction |       |       |       |    27 |    51 ||    78
       Major Destruction |       |       |       |     4 |     1 ||     5
       Greater Servant o |       |       |       |       |     1 ||     1
Evoke: Wand              |       |       |     2 |     5 |       ||     7
       Fan of gales      |       |       |       |     1 |     1 ||     2
  Use: Scroll            |     5 |     2 |     1 |    11 |     2 ||    21
       Potion            |       |       |       |     5 |     7 ||    12
 Stab: Distracted        |       |       |       |     3 |       ||     3
       Invisible         |       |       |       |       |     1 ||     1
  Eat: Ration            |       |     2 |     2 |     5 |     4 ||    13
       Chunk             |       |     2 |     2 |       |       ||     4
Armor: Scale mail        |    57 |    56 |   148 |   166 |       ||   427
       Chain mail        |       |       |       |   292 |   343 ||   635
       Ring mail         |       |       |       |     8 |       ||     8
Dodge: Dodged            |    33 |    28 |    69 |   210 |   123 ||   463
Block: Shield            |    52 |    50 |    88 |   378 |   254 ||   822
